PR
WINTER HAVEN SUN SOX @ FORT KNOX CENTENNIAL
09/02/2034
 
TOP OF THE 1ST
Winter Haven Sun Sox batting - Pitching for Fort Knox Centennial : RHP Diego Cartaya
Pitching: RHP Diego Cartaya
Batting: SHB Vincent Griffin 0-0: Called Strike
0-1: Foul Ball, location: 2F
0-2: Ball
1-2: Foul Ball, location: 2F
1-2: Ball
2-2: Ground out 5-3 (Groundball, 56S)
Batting: RHB Tom Camden 0-0: Ball
1-0: Called Strike
1-1: Ball
2-1: DOUBLE (Line Drive, 7LM)
Batting: LHB Donald Lund 0-0: Called Strike
0-1: Ball
Tom Camden is caught stealing 3rd base
1-1: Ball
2-1: Foul Ball, location: 2F
2-2: Foul Ball, location: 2F
2-2: SINGLE (Groundball, 4MD)
Batting: RHB Paul Bader 0-0: Ball
1-0: Called Strike
1-1: Ball
2-1: Foul Ball, location: 2F
2-2: Fielders Choice at 2nd, 6-4 (Groundball, 56)
Top of the 1st over - 0 runs, 2 hits, 0 errors, 1 left on base; Winter Haven 0 - Fort Knox 0
BOTTOM OF THE 1ST
Fort Knox Centennial batting - Pitching for Winter Haven Sun Sox : RHP Alfred Reid
Pitching: RHP Alfred Reid
Batting: RHB Adam Smith 0-0: Ball
1-0: Foul Ball, location: 2F
1-1: Swinging Strike
1-2: Fly out, F7 (Flyball, 78D)
Batting: LHB Fernando Flores 0-0: Foul Ball, location: 2F
0-1: Fly out, F9 (Line Drive, 9S)
Batting: LHB Carel van Putten 0-0: Ground out 6-3 (Groundball, 6MD)
Bottom of the 1st over - 0 runs, 0 hits, 0 errors, 0 left on base; Winter Haven 0 - Fort Knox 0
TOP OF THE 2ND
Winter Haven Sun Sox batting - Pitching for Fort Knox Centennial : RHP Diego Cartaya
Batting: RHB Raheem Sterling 0-0: Called Strike
0-1: Ball
1-1: Ball
2-1: Swinging Strike
2-2: Strikes out swinging
Batting: LHB Fernando Negrete 0-0: Swinging Strike
0-1: Fly out, F7 (Flyball, 7S)
Batting: RHB Roberto Ramos 0-0: Called Strike
0-1: Swinging Strike
0-2: Foul Ball, location: 2F
0-2: Ball
1-2: Strikes out looking
Top of the 2nd over - 0 runs, 0 hits, 0 errors, 0 left on base; Winter Haven 0 - Fort Knox 0
BOTTOM OF THE 2ND
Fort Knox Centennial batting - Pitching for Winter Haven Sun Sox : RHP Alfred Reid
Batting: RHB Asbel Kiprop 0-0: Ball
1-0: Called Strike
1-1: Foul Ball, location: 2F
1-2: Ball
2-2: Ball
3-2: DOUBLE (Groundball, 5L)
Batting: LHB Ricardo Varela 0-0: Ball
1-0: Ball
2-0: Swinging Strike
2-1: Called Strike
2-2: Ball
3-2: Base on Balls
Batting: RHB Nicholas Cusack 0-0: DOUBLE (Line Drive, 7LM)
Asbel Kiprop scores
Ricardo Varela to third
Batting: RHB Jack Younker 0-0: Ball
1-0: Ball
2-0: Ball
3-0: Base on Balls
Batting: RHB Roland Reece 0-0: Ball
1-0: Called Strike
1-1: Fielders Choice at 2nd, 6-4 (Groundball, 56)
Ricardo Varela scores
Nicholas Cusack to third
Batting: RHB Sergio Chávez 0-0: Called Strike
0-1: Foul Ball, location: 2F
0-2: Foul Ball, location: 2F
0-2: Ball
Roland Reece steals 2nd base
1-2: Strikes out swinging
Batting: RHB Adam Smith 0-0: Called Strike
0-1: Ground out 5-3 (Groundball, 56S)
Bottom of the 2nd over - 2 runs, 2 hits, 0 errors, 2 left on base; Winter Haven 0 - Fort Knox 2
TOP OF THE 3RD
Winter Haven Sun Sox batting - Pitching for Fort Knox Centennial : RHP Diego Cartaya
Batting: RHB Yu-bao Wie 0-0: Ball
1-0: Ball
2-0: Called Strike
2-1: SINGLE (Line Drive, 8LS)
Batting: LHB Matt McClendon 0-0: Called Strike
0-1: Ball
1-1: Swinging Strike
1-2: Strikes out swinging
Yu-bao Wie steals 2nd base
Batter strikes out.
Batting: SHB Vincent Griffin 0-0: Called Strike
0-1: Ball
1-1: Ground out 6-3 (Groundball, 6M)
Yu-bao Wie to third
Batting: RHB Tom Camden 0-0: SINGLE (Line Drive, 8LS)
Yu-bao Wie scores
Batting: LHB Donald Lund 0-0: Ball
1-0: SINGLE (Groundball, 25) (infield hit)
Tom Camden to second
Batting: RHB Paul Bader 0-0: Called Strike
0-1: Ball
1-1: Ball
2-1: Swinging Strike
2-2: Ball
3-2: Foul Ball, location: 2F
3-2: Strikes out swinging
Top of the 3rd over - 1 run, 3 hits, 0 errors, 2 left on base; Winter Haven 1 - Fort Knox 2
BOTTOM OF THE 3RD
Fort Knox Centennial batting - Pitching for Winter Haven Sun Sox : RHP Alfred Reid
Batting: LHB Fernando Flores 0-0: Foul Ball, location: 2F
0-1: Foul Ball, location: 2F
0-2: Strikes out looking
Batting: LHB Carel van Putten 0-0: Foul Ball, location: 2F
0-1: Ball
1-1: Called Strike
1-2: Foul Ball, location: 2F
1-2: Strikes out swinging
Batting: RHB Asbel Kiprop 0-0: Ground out U3 (Groundball, 34)
Bottom of the 3rd over - 0 runs, 0 hits, 0 errors, 0 left on base; Winter Haven 1 - Fort Knox 2
TOP OF THE 4TH
Winter Haven Sun Sox batting - Pitching for Fort Knox Centennial : RHP Diego Cartaya
Batting: RHB Raheem Sterling 0-0: Fly out, F3 (Line Drive, 34S)
Batting: LHB Fernando Negrete 0-0: Ball
1-0: Called Strike
1-1: Ground out 5-3 (Groundball, 56)
Batting: RHB Roberto Ramos 0-0: Called Strike
0-1: Ball
1-1: Foul Ball, location: 2F
1-2: Ball
2-2: Foul Ball, location: 2F
2-2: Strikes out swinging
Top of the 4th over - 0 runs, 0 hits, 0 errors, 0 left on base; Winter Haven 1 - Fort Knox 2
BOTTOM OF THE 4TH
Fort Knox Centennial batting - Pitching for Winter Haven Sun Sox : RHP Alfred Reid
Batting: LHB Ricardo Varela 0-0: Ball
1-0: Called Strike
1-1: Ball
2-1: Ball
3-1: Base on Balls
Batting: RHB Nicholas Cusack 0-0: Ball
1-0: Called Strike
1-1: Fly out, F9 (Flyball, 9LD)
Batting: RHB Jack Younker 0-0: Ball
1-0: Called Strike
1-1: Called Strike
1-2: Ball
2-2: Foul Ball, location: 2F
2-2: Ball
3-2: Strikes out swinging
Batting: RHB Roland Reece 0-0: Ball
1-0: Ball
2-0: Fly out, F8 (Line Drive, 8LD)
Bottom of the 4th over - 0 runs, 0 hits, 0 errors, 1 left on base; Winter Haven 1 - Fort Knox 2
TOP OF THE 5TH
Winter Haven Sun Sox batting - Pitching for Fort Knox Centennial : RHP Diego Cartaya
Batting: RHB Yu-bao Wie 0-0: Ground out 1-3 (Groundball, P)
Batting: LHB Matt McClendon 0-0: Ball
1-0: Called Strike
1-1: Ball
2-1: Ball
3-1: Base on Balls
Batting: SHB Vincent Griffin 0-0: Ball
1-0: Called Strike
1-1: Ball
2-1: Called Strike
2-2: Ball
3-2: SINGLE (Line Drive, 7LM)
Matt McClendon to second
Matt McClendon to third
Batting: RHB Tom Camden 0-0: Ball
1-0: Ball
2-0: Ball
3-0: Base on Balls
Vincent Griffin to second
Batting: LHB Donald Lund 0-0: Foul Ball, location: 2F
0-1: Foul Ball, location: 2F
0-2: Grounds into fielders choice 4-2 (Groundball, 4)
Vincent Griffin to third
Tom Camden to second
Batting: RHB Paul Bader 0-0: Called Strike
0-1: SINGLE (Line Drive, 7S)
Vincent Griffin scores
Tom Camden to third
Donald Lund to second
Runner from 3rd tries for Home, SAFE, no throw
Batting: RHB Raheem Sterling 0-0: Ball
1-0: Ball
2-0: Called Strike
2-1: Ball
3-1: Called Strike
3-2: Strikes out looking
Top of the 5th over - 2 runs, 2 hits, 0 errors, 2 left on base; Winter Haven 3 - Fort Knox 2
BOTTOM OF THE 5TH
Fort Knox Centennial batting - Pitching for Winter Haven Sun Sox : RHP Alfred Reid
Batting: RHB Sergio Chávez 0-0: Ball
1-0: Foul Ball, location: 2F
1-1: Bunted foul
1-2: Strikes out swinging
Batting: RHB Adam Smith 0-0: Called Strike
0-1: Ball
1-1: Ball
2-1: DOUBLE (Flyball, 78D)
Batting: LHB Fernando Flores 0-0: Swinging Strike
0-1: Ball
1-1: Swinging Strike
1-2: Ball
2-2: DOUBLE (Line Drive, 7LS)
Adam Smith scores
Batting: LHB Carel van Putten 0-0: Intentional Walk
Batting: RHB Asbel Kiprop 0-0: Called Strike
0-1: Swinging Strike
0-2: Fly out, F7 (Flyball, 7S)
Batting: LHB Ricardo Varela 0-0: Called Strike
0-1: Hit by Pitch
Fernando Flores to third
Carel van Putten to second
Batting: RHB Nicholas Cusack 0-0: Ball
1-0: Called Strike
1-1: Foul Ball, location: 2F
1-2: Fly out, F8 (Flyball, 8LD)
Bottom of the 5th over - 1 run, 2 hits, 0 errors, 3 left on base; Winter Haven 3 - Fort Knox 3
TOP OF THE 6TH
Winter Haven Sun Sox batting - Pitching for Fort Knox Centennial : RHP Diego Cartaya
Pitching: RHP José Alfaro
Batting: LHB Fernando Negrete 0-0: SINGLE (Line Drive, 56D)
Batting: RHB Roberto Ramos 0-0: Bunted foul
0-1: Ball
1-1: Ball
2-1: Bunted foul
2-2: Grounds into double play, 1-4-3 (Groundball, 15)
Batting: RHB Yu-bao Wie 0-0: Called Strike
0-1: Foul Ball, location: 2F
0-2: Foul Ball, location: 2F
0-2: Ball
1-2: Ball
2-2: Foul Ball, location: 2F
2-2: Fly out, F7 (Line Drive, 7)
Top of the 6th over - 0 runs, 1 hit, 0 errors, 0 left on base; Winter Haven 3 - Fort Knox 3
BOTTOM OF THE 6TH
Fort Knox Centennial batting - Pitching for Winter Haven Sun Sox : RHP Alfred Reid
Batting: RHB Jack Younker 0-0: Ground out 1-3 (Groundball, 15S)
Batting: RHB Roland Reece 0-0: Ball
1-0: Called Strike
1-1: Called Strike
1-2: Ball
2-2: Strikes out looking
Batting: RHB Sergio Chávez 0-0: Ball
1-0: Foul Ball, location: 2F
1-1: SINGLE (Line Drive, 4M)
Batting: RHB Adam Smith 0-0: Called Strike
0-1: Ball
1-1: Swinging Strike
1-2: Foul Ball, location: 2F
1-2: Foul Ball, location: 2F
1-2: Strikes out swinging
Bottom of the 6th over - 0 runs, 1 hit, 0 errors, 1 left on base; Winter Haven 3 - Fort Knox 3
TOP OF THE 7TH
Winter Haven Sun Sox batting - Pitching for Fort Knox Centennial : RHP José Alfaro
Batting: LHB Matt McClendon 0-0: Called Strike
0-1: Ball
1-1: Ball
2-1: Ball
3-1: Base on Balls
Batting: SHB Vincent Griffin 0-0: Ball
1-0: Foul Ball, location: 2F
1-1: Foul Ball, location: 2F
1-2: Ball
2-2: Foul Ball, location: 2F
2-2: Foul Ball, location: 2F
2-2: Ball
3-2: SINGLE (Flyball, 9S)
Matt McClendon to second
Runner from 2nd tries for 3rd, SAFE, no throw
Batting: RHB Tom Camden 0-0: Ball
Vincent Griffin is caught stealing 2nd base
1-0: Foul Ball, location: 2F
1-1: Swinging Strike
1-2: Fly out, F6 (Line Drive, 6)
Batting: LHB Donald Lund 0-0: Intentional Walk
Batting: RHB Paul Bader 0-0: Swinging Strike
0-1: Foul Ball, location: 2F
0-2: 3-RUN HOME RUN (Flyball, 78XD), Distance : 414 ft
Pitching: LHP Jorge Gil
Batting: RHB Raheem Sterling 0-0: Called Strike
0-1: Ball
1-1: Called Strike
1-2: Ball
2-2: Ball
3-2: Strikes out swinging
Top of the 7th over - 3 runs, 2 hits, 0 errors, 0 left on base; Winter Haven 6 - Fort Knox 3
BOTTOM OF THE 7TH
Fort Knox Centennial batting - Pitching for Winter Haven Sun Sox : RHP Alfred Reid
Batting: LHB Fernando Flores 0-0: Ball
1-0: Foul Ball, location: 2F
1-1: SINGLE (Groundball, 4MD)
Batting: LHB Carel van Putten 0-0: Foul Ball, location: 2F
0-1: SINGLE (Flyball, 78S)
Fernando Flores to second
Batting: RHB Asbel Kiprop 0-0: Ball
1-0: Ball
2-0: Called Strike
2-1: Called Strike
2-2: Foul Ball, location: 2F
2-2: Grounds into double play, 4-6-3 (Groundball, 4)
Fernando Flores to third
Batting: LHB Ricardo Varela 0-0: Ball
1-0: Ball
2-0: Ball
3-0: Base on Balls
Batting: RHB Nicholas Cusack 0-0: Ball
1-0: SINGLE (Flyball, 8LS)
Fernando Flores scores
Ricardo Varela to second
Runner from 2nd tries for 3rd, SAFE, throw made to third
Batting: RHB Jack Younker 0-0: Ball
1-0: Called Strike
1-1: Ball
2-1: Swinging Strike
2-2: Foul Ball, location: 2F
2-2: Ball
3-2: SINGLE (Groundball, 5L) (infield hit)
Ricardo Varela scores
Nicholas Cusack to second
Pitching: RHP Alfonso Gonzáles
Pinch Hitting: RHB Pedro Navarro 0-0: Ground out 1-3 (Groundball, 13S)
Bottom of the 7th over - 2 runs, 4 hits, 0 errors, 2 left on base; Winter Haven 6 - Fort Knox 5
TOP OF THE 8TH
Winter Haven Sun Sox batting - Pitching for Fort Knox Centennial : LHP Jorge Gil
Now at SS: Pedro Navarro
Batting: LHB Fernando Negrete 0-0: Ball
1-0: Ball
2-0: Ground out 5-3 (Groundball, 5)
Batting: RHB Roberto Ramos 0-0: Called Strike
0-1: Swinging Strike
0-2: Foul Ball, location: 2F
0-2: Strikes out swinging
Batting: RHB Yu-bao Wie 0-0: Called Strike
0-1: Ball
1-1: Ball
2-1: Fly out, F4 (Line Drive, 4M)
Top of the 8th over - 0 runs, 0 hits, 0 errors, 0 left on base; Winter Haven 6 - Fort Knox 5
BOTTOM OF THE 8TH
Fort Knox Centennial batting - Pitching for Winter Haven Sun Sox : RHP Alfonso Gonzáles
Batting: RHB Sergio Chávez 0-0: Ball
1-0: Foul Ball, location: 2F
1-1: Swinging Strike
1-2: Ball
2-2: Strikes out swinging
Batting: RHB Adam Smith 0-0: Called Strike
0-1: Fly out, F8 (Flyball, 8RD)
Batting: LHB Fernando Flores 0-0: Foul Ball, location: 2F
0-1: Ball
1-1: Ball
2-1: Ball
3-1: Foul Ball, location: 2F
3-2: Foul Ball, location: 2F
3-2: Foul Ball, location: 2F
3-2: SOLO HOME RUN (Flyball, 9LD), Distance : 339 ft
Pitching: RHP Miguel Garza
Batting: LHB Carel van Putten 0-0: Foul Ball, location: 2F
0-1: Ball
1-1: Fly out, F1 (Line Drive, 13)
Bottom of the 8th over - 1 run, 1 hit, 0 errors, 0 left on base; Winter Haven 6 - Fort Knox 6
TOP OF THE 9TH
Winter Haven Sun Sox batting - Pitching for Fort Knox Centennial : LHP Jorge Gil
Pinch Hitting: SHB Garrett Hogan 0-0: Called Strike
0-1: Called Strike
0-2: Ball
1-2: Foul Ball, location: 2F
1-2: Ball
2-2: Strikes out looking
Batting: SHB Vincent Griffin 0-0: Called Strike
0-1: Ball
1-1: Called Strike
1-2: Ball
2-2: Strikes out swinging
Batting: RHB Tom Camden 0-0: Called Strike
0-1: Ball
1-1: Fly out, F8 (Flyball, 8LS)
Top of the 9th over - 0 runs, 0 hits, 0 errors, 0 left on base; Winter Haven 6 - Fort Knox 6
BOTTOM OF THE 9TH
Fort Knox Centennial batting - Pitching for Winter Haven Sun Sox : RHP Miguel Garza
Now in RF: Thomas Careless
Batting: RHB Asbel Kiprop 0-0: Ball
1-0: Ball
2-0: SINGLE (Groundball, 34) (infield hit)
Batting: LHB Ricardo Varela 0-0: Called Strike
0-1: Ball
Asbel Kiprop steals 2nd base
1-1: Intentional Walk
Pinch Hitting: RHB Alfredo Araújo 0-0: Ball
1-0: Grounds into double play, 5-4-3 (Groundball, 56)
Asbel Kiprop to third
Batting: RHB Jack Younker 0-0: Fly out, F3 (Popup, 3SF)
Bottom of the 9th over - 0 runs, 1 hit, 0 errors, 1 left on base; Winter Haven 6 - Fort Knox 6
TOP OF THE 10TH
Winter Haven Sun Sox batting - Pitching for Fort Knox Centennial : LHP Jorge Gil
Now at 3B: Carlos Martínez
Batting: LHB Donald Lund 0-0: Called Strike
0-1: Called Strike
0-2: Ball
1-2: Foul Ball, location: 2F
1-2: Strikes out swinging
Batting: RHB Paul Bader 0-0: Foul Ball, location: 2F
0-1: Ball
1-1: Foul Ball, location: 2F
1-2: Ball
2-2: Fly out, F8 (Line Drive, 89M)
Batting: RHB Raheem Sterling 0-0: Ball
1-0: Ball
2-0: Ball
3-0: Called Strike
3-1: Swinging Strike
3-2: Fly out, F8 (Flyball, 78M)
Top of the 10th over - 0 runs, 0 hits, 0 errors, 0 left on base; Winter Haven 6 - Fort Knox 6
BOTTOM OF THE 10TH
Fort Knox Centennial batting - Pitching for Winter Haven Sun Sox : RHP Miguel Garza
Pitching: LHP Tony Rocha
Batting: RHB Pedro Navarro 0-0: SINGLE (Groundball, 4MD)
Batting: RHB Sergio Chávez 0-0: Ball
1-0: Bunted foul
1-1: Sac Bunt - play at first, batter OUT! 5-4
Pedro Navarro to second
Batting: RHB Adam Smith 0-0: Intentional Walk
Batting: LHB Fernando Flores 0-0: Foul Ball, location: 2F
0-1: Ball
1-1: Reached via error on a dropped throw, E6
Pedro Navarro to third
Adam Smith to second
Batting: LHB Carel van Putten 0-0: Ball
1-0: SINGLE (Line Drive, 34D)
Pedro Navarro scores
Friday, March 29th, 2019 - OOTP Baseball 18.8 Build 76